 Dungeon Crawl Stone Soup version 0.19.5 (webtiles) character file.

31 Jumperg the Vexing (level 3, -1/28 HPs)
             Began as a Centaur Arcane Marksman on May 19, 2017.
             Succumbed to an adder's poison
             ... on level 2 of the Dungeon.
             The game lasted 00:10:03 (1199 turns).

Jumperg the Vexing (Centaur Arcane Marksman)        Turns: 1199, Time: 00:10:03

Health: -1/28      AC:  6    Str: 14    XL:     3   Next: 7%
Magic:  5/5        EV: 15    Int: 12    God:
Gold:   53         SH:  0    Dex: 13    Spells: 1 memorised, 3 levels left

rFire  . . .     SeeInvis .     p - +0 dagger
rCold  . . .     Gourm    .     e - +0 robe
rNeg   . . .     Faith    .     (no shield)
rPois  .         Spirit   .     (no helmet)
rElec  .         Reflect  .     r - +0 cloak
rCorr  .         Harm     .     h - +0 pair of gloves
MR     .....                    (no barding)
Stlth  ++........               (no amulet)
                                (no ring)
                                (no ring)

@: agile, lethally poisoned (-1 -> -18), very quick
A: hooves 3, deformed body, speed 2, tough skin 3
a: no special abilities


You were on level 2 of the Dungeon.
You were not hungry.

You visited 1 branch of the dungeon, and saw 2 of its levels.

You collected 53 gold pieces.

Inventory:

Hand Weapons
 a - a +0 shortbow
 b - a +0 hunting sling
 p - a +0 dagger (weapon)
Missiles
 d - 36 arrows
 o - 29 bolts
Armour
 e - a +0 robe (worn)
 h - a +0 pair of gloves (worn)
 m - a +2 scale mail of fire resistance
 r - a +0 cloak (worn)
Scrolls
 g - a scroll of immolation {unknown}
 k - 2 scrolls of remove curse
 l - a scroll of enchant armour {unknown}
 n - a scroll of teleportation {unknown}
 q - a scroll of identify {unknown}
Potions
 i - a potion of ambrosia {unknown}
Books
 c - a book of Debilitation

   Spells                             Type                      Level
   a - Corona                         Hexes                        1
   b - Slow                           Hexes                        2
   c - Gell's Gravitas                Hexes/Translocation          3
   d - Inner Flame                    Hexes/Fire                   3
   e - Cause Fear                     Hexes                        4
   f - Leda's Liquefaction            Hexes/Earth                  4
Comestibles
 f - 2 bread rations


   Skills:
 - Level 1.0 Fighting
 * Level 3.1 Bows
 + Level 0.2 Throwing
 - Level 1.7 Dodging
 * Level 1.4 Spellcasting
 + Level 3.1 Hexes


You had 3 spell levels left.
You knew the following spells:

 Your Spells              Type           Power        Failure   Level  Hunger
a - Corona                Hex            #......      12%         1    ##.....


Dungeon Overview and Level Annotations

Branches:
Dungeon (2/15)

Altars:


Innate Abilities, Weirdness & Mutations

You have hooves in place of feet.
Armour fits poorly on your strangely shaped body.
You cover ground very quickly.
You have extremely tough skin. (AC +3)


Message History

You hit the adder but do no damage.
The adder is severely wounded.
* * * LOW HITPOINT WARNING * * *
You feel sick. The adder barely misses you.
You hit the adder but do no damage. You kick the adder.
The adder is almost dead.
* * * LOW HITPOINT WARNING * * *
You feel sick. The adder bites you.
* * * LOW HITPOINT WARNING * * *
You hit the adder.
You kill the adder!
You have reached level 3!
Your experience leads to an increase in your attributes!
Increase (S)trength, (I)ntelligence, or (D)exterity?
You feel stronger.
* * * LOW HITPOINT WARNING * * *
You feel sick.
It was a potion of agility.
You feel agile all of a sudden.
You die...

#######################.#
#.......................#
#
#.#######################
#.#.##### #.....#
........## #.....#
#.#.###..# #.....# ..#.#
##.## ##.....# #
#.####..###......#####..
.####
..........'...@((....((.
.....
....###.###....###.###..
<.#### .... #.. #....# #
...#### ..... ##.##....#
....... ..#....# .......
#.#....# ....... ......#
....... #.....# .......
.......


There were no monsters in sight!

Vanquished Creatures
  An adder (D:2)
  2 dart slugs (D:1)
  A bat (D:1)
  A giant cockroach (D:2)
  A goblin (D:1)
  5 hobgoblins (D:1)
  A frilled lizard (D:2)
  2 kobolds
  4 rats (D:1)
18 creatures vanquished.

Notes
Turn   | Place    | Note
-------+----------+-------------------------------------------
     0 | D:1      | Jumperg the Centaur Arcane Marksman began the quest for the Orb.
     0 | D:1      | Reached XP level 1. HP: 16/16 MP: 2/2
   279 | D:1      | Reached XP level 2. HP: 23/23 MP: 3/3
  1197 | D:2      | HP: 1/23 [adder (2)]
  1198 | D:2      | Reached XP level 3. HP: 2/28 MP: 5/5
  1199 | D:2      | Succumbed to an adder's poison

Skill      XL: |  1  2 |
---------------+-------+-----
Hexes          | 3 |  3.1
Bows           | 3 |  3.1
Fighting       | |  1.0
Throwing       | |  0.2
Dodging        | |  1.7
Spellcasting   | |  1.4

Action                   || total
-------------------------++-------
Melee: Unarmed           ||     1
       Dagger            ||    29
       Kick              ||     5
 Fire: Shortbow          ||    32
 Cast: Corona            ||     1
  Use: Scroll            ||     1
       Potion            ||     1
Armor: Robe              ||    15
Dodge: Dodged            ||    15
